 Dungeon Crawl Stone Soup version 0.24-a0-434-gd57e52fea8 (console) character file.

Game seed: 3344225896238574362

91 Lexodia the Insei (level 4, -11/34 HPs)
             Began as a Gnoll Transmuter on June 17, 2019.
             Mangled by an orc warrior
             ... wielding a +0 long sword
              (16 damage)
             ... on level 2 of the Dungeon.
             The game lasted 00:03:31 (798 turns).

Lexodia the Insei (Gnoll Transmuter)                 Turns: 798, Time: 00:03:32

Health: -11/34     AC:  3    Str: 12    XL:     4   Next: 59%
Magic:  10/11      EV: 15    Int: 17    God:
Gold:   105        SH:  0    Dex: 15    Spells: 7/13 levels left

rFire    . . .     SeeInvis .     - Unarmed
rCold    . . .     Gourm    .   (no shield)
rNeg     . . .     Faith    .   b - +0 robe
rPois    .         Spirit   .   (no helmet)
rElec    .         Reflect  .   (no cloak)
rCorr    .         Harm     .   o - +0 pair of gloves
MR       .....                  (no boots)
Stlth    ++........             (no amulet)
HPRegen  0.11/turn              (no ring)
MPRegen  0.12/turn              (no ring)

@: no status effects
A: distributed training, fangs 1, strong nose
a: no special abilities


You were on level 2 of the Dungeon.
You were not hungry.

You visited 1 branch of the dungeon, and saw 2 of its levels.

You collected 105 gold pieces.

Inventory:

Missiles
 a - 32 arrows
Armour
 b - a +0 robe (worn)
 o - a +0 pair of gloves (worn)
Jewellery
 f - an uncursed amulet of magic regeneration {unknown}
Wands
 j - a wand of polymorph (9)
Scrolls
 e - a scroll of teleportation {unknown}
 h - a scroll of fog {unknown}
 k - a scroll of identify {unknown}
 l - a scroll of immolation {unknown}
 m - a scroll of noise {unknown}
Potions
 g - 2 potions of invisibility {unknown}
 i - 3 potions of haste {unknown}
 n - a potion of cancellation {unknown}
Comestibles
 c - 7 chunks of flesh
 d - 2 rations


   Skills:
 + Level 2.7 Fighting
 + Level 1.1 Short Blades
 + Level 1.1 Long Blades
 + Level 1.1 Axes
 + Level 1.1 Maces & Flails
 + Level 1.1 Polearms
 + Level 1.1 Staves
 + Level 1.1 Slings
 + Level 1.1 Bows
 + Level 1.1 Crossbows
 + Level 1.1 Throwing
 + Level 1.1 Armour
 + Level 4.6 Dodging
 + Level 1.1 Stealth
 + Level 1.1 Shields
 + Level 6.6 Unarmed Combat
 + Level 5.1 Spellcasting
 + Level 0.9 Conjurations
 + Level 0.9 Hexes
 + Level 0.9 Charms
 + Level 0.9 Summonings
 + Level 0.9 Necromancy
 + Level 0.9 Translocations
 + Level 3.8 Transmutations
 + Level 0.9 Fire Magic
 + Level 0.9 Ice Magic
 + Level 0.9 Air Magic
 + Level 0.9 Earth Magic
 + Level 0.9 Poison Magic
 + Level 1.2 Invocations
 + Level 1.1 Evocations


You had 7 spell levels left.
You knew the following spells:

 Your Spells              Type           Power        Failure   Level  Hunger
a - Beastly Appendage     Tmut           ###...       3%          1    None
b - Sticks to Snakes      Tmut           ###.....     4%          2    #......
c - Spider Form           Tmut/Pois      ##........   16%         3    ###....

Your spell library contained the following spells:

 Spells                   Type           Power        Failure   Level  Hunger
 Ice Form                 Ice/Tmut       ##......     45%         4    ####...
 Blade Hands              Tmut           ###.......   63%         5    ######.


Dungeon Overview and Level Annotations

Branches:
Dungeon (2/15)

Altars:


Innate Abilities, Weirdness & Mutations

Your experience applies equally to all skills.
You have very sharp teeth.
Your uncanny sense of smell can sniff out nearby items.


Message History

The orc wizard points at you and mumbles some strange words.
You are confused.
You closely miss the orc wizard.
The orc wizard is almost dead.
You kill the orc wizard!
The orc warrior misses you.
You hit the orc warrior.
The orc warrior is severely wounded.
Your transformation has ended.
Your +0 pair of gloves unmelds from your body.
Your +0 robe unmelds from your body.
You're too confused to move!
The orc warrior hits you with a +0 long sword!
* * * LOW HITPOINT WARNING * * *
Huge Dmg: -47%(-16hp) hp: 15%(5hp)
You hit the orc warrior but do no damage.
The orc warrior is almost dead.
You feel less confused.
The orc warrior hits you with a +0 long sword!
You die...

#!...# #..#.####...#.##
### #>...# #..#.#
#...#.# ..##....# #..#.#
#...# # .'.....# #..#)#
#...# #.....#
#..#.####...#
#.....###..#........#
#..)........####....#
##.#...................#
......)...o@.........> #
##.#.#.).###.#####...#
#......#............#
#.#.####'##'######..# #
#. #.......# # #
#.รท.....# #.......#
#.......# #.......#


You could see an orc warrior.

Vanquished Creatures
  An orc wizard (D:2)
  A worm (D:2)
  2 dart slugs
  2 leopard geckos
  3 orcs (D:2)
  3 giant cockroaches
  9 goblins
  5 hobgoblins
  8 jackals
  3 bats
  6 kobolds
  5 rats
  A butterfly (D:2)
49 creatures vanquished.

Notes
Turn   | Place    | Note
-------+----------+-------------------------------------------
     0 | D:1      | Lexodia the Gnoll Transmuter began the quest for the Orb.
     0 | D:1      | Reached XP level 1. HP: 17/17 MP: 6/6
    70 | D:1      | Reached XP level 2. HP: 16/23 MP: 7/7
    89 | D:1      | Learned a level 2 spell: Sticks to Snakes
   155 | D:1      | Huge Dmg: 4 dmg
   229 | D:1      | Reached XP level 3. HP: 22/28 MP: 9/9
   234 | D:1      | Learned a level 3 spell: Spider Form
   251 | D:1      | Reached skill level 5 in Spellcasting
   597 | D:2      | Reached skill level 1 in Invocations
   663 | D:2      | Reached skill level 1 in Short Blades
   663 | D:2      | Reached skill level 1 in Long Blades
   663 | D:2      | Reached skill level 1 in Axes
   663 | D:2      | Reached skill level 1 in Maces & Flails
   663 | D:2      | Reached skill level 1 in Polearms
   663 | D:2      | Reached skill level 1 in Staves
   663 | D:2      | Reached skill level 1 in Slings
   663 | D:2      | Reached skill level 1 in Bows
   663 | D:2      | Reached skill level 1 in Crossbows
   663 | D:2      | Reached skill level 1 in Throwing
   663 | D:2      | Reached skill level 1 in Armour
   663 | D:2      | Reached skill level 1 in Stealth
   663 | D:2      | Reached skill level 1 in Shields
   663 | D:2      | Reached skill level 1 in Evocations
   740 | D:2      | Huge Dmg: 6 dmg
   741 | D:2      | Reached XP level 4. HP: 25/34 MP: 7/11
   776 | D:2      | Noticed an orc warrior
   790 | D:2      | Huge Dmg: 7 dmg
   795 | D:2      | Huge Dmg: 16 dmg
   798 | D:2      | Mangled by an orc warrior

Levels and vault maps discovered:
D:1:      tarquinn_simple_flora_water_a, layout_rooms
D:2:      layout_basic, xom_butterflies, kennysheep_generic_room_4

Skill      XL: |  1  2  3 |
---------------+----------+-----
Spellcasting   | 5 |  5.1
Invocations    | 1 |  1.2
Short Blades   | 1 |  1.1
Long Blades    | 1 |  1.1
Axes           | 1 |  1.1
Maces & Flails | 1 |  1.1
Polearms       | 1 |  1.1
Staves         | 1 |  1.1
Slings         | 1 |  1.1
Bows           | 1 |  1.1
Crossbows      | 1 |  1.1
Throwing       | 1 |  1.1
Armour         | 1 |  1.1
Stealth        | 1 |  1.1
Shields        | 1 |  1.1
Evocations     | 1 |  1.1
Fighting       | |  2.7
Dodging        | |  4.6
Unarmed Combat | |  6.6
Conjurations   | |  0.9
Hexes          | |  0.9
Charms         | |  0.9
Summonings     | |  0.9
Necromancy     | |  0.9
Translocations | |  0.9
Transmutations | |  3.8
Fire Magic     | |  0.9
Ice Magic      | |  0.9
Air Magic      | |  0.9
Earth Magic    | |  0.9
Poison Magic   | |  0.9

Action                   |  1- 3 |  4- 6 || total
-------------------------+-------+-------++-------
Melee: Unarmed           |    95 |    20 ||   115
       Punch             |     2 |       ||     2
       Headbutt          |     1 |       ||     1
       Bite              |     3 |       ||     3
 Cast: Beastly Appendage |     1 |       ||     1
       Spider Form       |     4 |     1 ||     5
 Stab: Sleeping          |     2 |       ||     2
Armor: Robe              |     7 |       ||     7
       Skin              |     3 |     2 ||     5
Dodge: Dodged            |    65 |    14 ||    79

Table legend:
 A = Non-vault XP
 B = Vault XP
 C = Vault XP percentage of total XP
 D = Non-vault monster count
 E = Vault monster count
 F = Vault count percentage of total count
                 A         B        C        D         E       F
            +---------+---------+-------+---------+---------+-------
      Total |     129 |       2 |   1.5 |      47 |       1 |   2.1
            +---------+---------+-------+---------+---------+-------
        D:1 |      47 |       0 |   0.0 |      26 |       0 |   0.0
        D:2 |      82 |       2 |   2.4 |      21 |       1 |   4.5
            +---------+---------+-------+---------+---------+-------
